 Dungeon Crawl Stone Soup version 0.30-a0-782-ge64f9170bb (webtiles) character file.

Game seed: 3310545338511147052

87 Leeroy the Slasher (level 4, -2/33 HPs)
             Began as a Merfolk Gladiator on Feb 22, 2023.
             Slain by an orc
             ... wielding a +0 club
              (4 damage)
             ... on level 3 of the Dungeon.
             The game lasted 00:02:04 (1668 turns).

Leeroy the Slasher (Merfolk Gladiator)              Turns: 1668, Time: 00:02:04

Health: -2/33      AC:  4    Str: 20    XL:     4   Next: 51%
Magic:  4/4        EV: 13    Int:  7    God:
Gold:   81         SH:  0    Dex: 17    Spells: 3/3 levels left

rFire   . . .      SeeInvis .    a - +0 long sword
rCold   . . .      Faith    .    (no shield)
rNeg    . . .      Spirit   .    b - +0 leather armour
rPois   .          Reflect  .    c - +0 helmet
rElec   .          Harm     .    (no cloak)
rCorr   .          Rampage  .    (no gloves)
Will    .....                    (no boots)
Stlth   +                        (no amulet)
HPRegen 0.25/turn                r - +6 ring of strength
MPRegen 0.09/turn                (no ring)

@: no status effects
A: (nimble swimmer 2), mertail
a: no special abilities


You were on level 3 of the Dungeon.
You visited 1 branch of the dungeon, and saw 3 of its levels.

You collected 81 gold pieces.

Inventory:

Hand Weapons
 a - a +0 long sword (weapon)
 k - a +0 rapier
Missiles
 d - 3 throwing nets (quivered)
 e - a javelin
 q - 4 poisoned darts
Armour
 b - a +0 leather armour (worn)
 c - a +0 helmet (worn)
Jewellery
 r - a +6 ring of strength (left hand)
Scrolls
 g - 6 scrolls of identify {unknown}
 i - a scroll of poison {unknown}
 l - 2 scrolls of fear {unknown}
 p - 3 scrolls of teleportation {unknown}
 s - a scroll of amnesia {unknown}
Potions
 f - 2 potions of haste {unknown}
 h - a potion of berserk rage {unknown}
 j - a potion of degeneration {unknown}
 m - a potion of lignification {unknown}
 n - 2 potions of curing {unknown}
 o - a potion of mutation {unknown}


   Skills:
 - Level 2.1 Fighting
 + Level 6.2 Long Blades
 - Level 2.0 Throwing
 - Level 4.0 Dodging


You had 3 spell levels left.
You didn't know any spells.
Your spell library was empty.

Dungeon Overview and Level Annotations

Branches:
Dungeon (3/15)

Altars:

Shops:
D:1 ?


Innate Abilities, Weirdness & Mutations

((You are very nimble when in or above water. (Stealth+, EV+, Speed+++)))
Your lower body shifts to a powerful aquatic tail in water.


Message History

The ball python misses you. The ball python grabs you.
The ball python constricts you. The orc hits you but does no damage.
The orc hits you with a +0 flail.
You hit the orc.
You kill the orc!
The ball python bites you but does no damage.
The ball python constricts you. The orc closely misses you.
The ball python bites you. The ball python constricts you.
You slash the ball python!
You kill the ball python!
The ball python bites you but does no damage.
The ball python grabs you. The ball python constricts you.
The orc hits you with a +0 hand axe.
The ball python bites you but does no damage.
The ball python constricts you.
You escape the ball python's grasp.
You slash the orc!
You kill the orc!
The ball python barely misses you. The ball python closely misses you.
You completely miss the ball python. The ball python misses you.
The ball python closely misses you.
You hit the ball python.
The ball python is moderately wounded.
The ball python barely misses you. The ball python grabs you.
The ball python constricts you.
You slash the ball python!
You kill the ball python!
You slash the orc!
You kill the orc!
A magic dart appears from out of thin air!
The magic dart hits you!
* * * LOW HITPOINT WARNING * * *
Items here: )) ††.
You closely miss something.
You hear some strange, mumbled words.
A puff of flame appears from out of thin air!
The puff of flame hits you.
* * * LOW HITPOINT WARNING * * *
The orc hits you with a +0 club.
You die...

#. ....##...
#. ..#.#...
#.. .##...#
.. .#.††# #.#
.#o.#
#..#.#o{#
#....#o.#
#.##o##
#@#..#
#{oo.##
###>..#
#...##
##.#..#####.#
#..##.......#
#.....#######
#######..##.#
..........#†#


You could see 2 orcs.

Vanquished Creatures
  An adder (D:2)
  An adder zombie (D:2)
  A worm (D:2)
  A dart slug (D:1)
  5 orcs
  9 ball pythons
  A bat skeleton (D:2)
  2 bat zombies (D:2)
  2 endoplasms (D:1)
  3 giant cockroaches
  6 goblins
  6 hobgoblins
  4 jackals (D:2)
  A quokka (D:1)
  5 bats
  6 frilled lizards
  2 kobolds
  6 rats
62 creatures vanquished.

Notes
Turn   | Place    | Note
-------+----------+-------------------------------------------
     0 | D:1      | Leeroy the Merfolk Gladiator began the quest for the Orb.
     0 | D:1      | Reached XP level 1. HP: 16/16 MP: 1/1
     1 | D:1      | Found Suiritot's Magic Scroll Emporium.
    31 | D:1      | Reached skill level 4 in Long Blades
    42 | D:1      | Reached XP level 2. HP: 9/22 MP: 2/2
   244 | D:1      | Reached XP level 3. HP: 27/27 MP: 3/3
   277 | D:1      | Reached skill level 5 in Long Blades
   985 | D:2      | Found a faded altar of an unknown god.
  1157 | D:2      | Reached XP level 4. HP: 3/33 MP: 4/4
  1514 | D:2      | Reached skill level 6 in Long Blades
  1668 | D:3      | Slain by an orc

Illustrated notes

Levels and vault maps discovered:
D:1:      lightli_arrival_maybe_door_vault, layout_loops_ring, serial_shops,
          shop
D:2:      layout_basic, serial_undead, serial_undead_a, serial_undead_b,
          serial_undead_c, serial_undead_a,
          hellmonk_ecumenical_altar_pennies_from_heaven, minmay_unequal
D:3:      layout_rooms, mainiacjoe_overflow_alcove_1, portal_sewer_entry_f

Skill      XL: |  1  2  3  4 |
---------------+-------------+-----
Long Blades    | 4 5 6 |  6.2
Fighting       | |  2.1
Throwing       | |  2.0
Dodging        | |  4.0

Action                     |  1- 3 |  4- 6 || total
---------------------------+-------+-------++-------
  Melee: Long sword        |   117 |    41 ||   158
         Rapier            |    15 |       ||    15
         Punch             |     1 |       ||     1
   Stab: Sleeping          |     1 |       ||     1
 Armour: Leather armour    |    54 |    17 ||    71
  Dodge: Dodged            |   124 |    35 ||   159

Table legend: (Time is in decaauts)
 A = Elapsed time spent in this place.
 B = Non-inter-level travel time spent in this place.
 C = Inter-level travel time spent in this place.
 D = Time resting spent in this place.
 E = Time spent auto-exploring this place.
 F = Levels seen in this place.
 G = Mean time per level.
                   A        B        C        D        E       F      G
               +--------+--------+--------+--------+--------+-----+--------+
         Total |   1687 |   1622 |     65 |      0 |   1225 |   3 |  562.3 |
       Dungeon |   1687 |   1622 |     65 |      0 |   1225 |   3 |  562.3 |
               +--------+--------+--------+--------+--------+-----+--------+

Top non-repeatable levels by time:
     D:2: 860 daAuts
     D:1: 756 daAuts
     D:3: 71 daAuts
